 Dungeon Crawl Stone Soup version 0.24-a0-725-gf1a930fc54 (webtiles) character file.

Game seed: 3006031933302846073, levelgen mode: deterministic

2910 Kohma the Slinger (level 10, 0/60 HPs)
             Began as a Halfling Hunter on Oct 1, 2019.
             Was a Follower of Nemelex Xobeh.
             Slain by a hornet (9 damage)
             ... on level 7 of the Dungeon.
             The game lasted 00:24:58 (6433 turns).

Kohma the Slinger (Halfling Hunter)                 Turns: 6433, Time: 00:24:59

Health: 0/60       AC:  8    Str: 15    XL:     10   Next: 6%
Magic:  12/12      EV: 21    Int: 13    God:    Nemelex Xobeh [*.....]
Gold:   322        SH:  6    Dex: 17    Spells: 9/9 levels left

rFire    . . .     SeeInvis +   b - +6 falchion of Fragile Peace {protect, *Slow rN+ Int+4 SInv}
rCold    . . .     Gourm    .   l - +0 buckler
rNeg     + . .     Faith    +   x - +0 troll leather armour {Purgy}
rPois    .         Spirit   .   w - +2 hat
rElec    .         Reflect  .   (no cloak)
rCorr    +         Harm     .   k - +0 pair of gloves
MR       .....                  (no boots)
Stlth    ++........             I - amulet of faith
HPRegen  0.60/turn              t - ring of resist corrosion
MPRegen  0.13/turn              H - +2 ring of evasion

@: lethally poisoned (0 -> -1)
A: small, mutation resistance 1
a: Draw Escape, Draw Destruction, Draw Summoning, Renounce Religion


You were on level 7 of the Dungeon.
You worshipped Nemelex Xobeh.
Nemelex Xobeh was aware of your devotion.
You were hungry.

You visited 2 branches of the dungeon, and saw 8 of its levels.

You collected 322 gold pieces.

Inventory:

Hand Weapons
 a - a +2 hunting sling
 b - the +6 falchion of Fragile Peace (weapon) {protect, *Slow rN+ Int+4 SInv}
   (You found it on level 5 of the Dungeon)

   It grants its wielder temporary protection when it strikes (+7 to AC).
   It affects your intelligence (+4).
   It protects you from negative energy.
   It lets you see invisible.
   It may slow you when you take damage.
Missiles
 d - 33 sling bullets
 n - 15 boomerangs
 q - 145 stones
 v - 6 throwing nets
 y - 2 curare-tipped darts (quivered)
Armour
 c - a +0 leather armour
 k - a +0 pair of gloves (worn)
 l - a +0 buckler (worn)
 w - a +2 hat (worn)
 x - a +0 troll leather armour (worn) {Purgy}
Jewellery
 t - a ring of resist corrosion (left hand)
 H - a +2 ring of evasion (right hand)
 I - an amulet of faith (around neck)
Wands
 i - a wand of random effects (10)
 E - a wand of paralysis (10)
Scrolls
 m - 2 scrolls of remove curse
 z - 4 scrolls of identify
 A - 2 scrolls of magic mapping
 B - a scroll of fog
 D - 3 scrolls of teleportation
Potions
 e - 3 potions of curing
 g - a potion of heal wounds {unknown}
 h - a potion of resistance {unknown}
 j - 2 potions of agility {unknown}
 o - a potion of cancellation {unknown}
 p - a potion of degeneration {unknown}
 r - 3 potions of might {unknown}
 s - a potion of lignification {unknown}
 u - 2 potions of brilliance {unknown}
 C - a potion of flight {unknown}
Comestibles
 f - 15 rations


   Skills:
 - Level 1.7 Fighting
 - Level 2.2 Long Blades
 - Level 12.0 Slings
 - Level 6.7 Armour
 * Level 7.3 Dodging
 - Level 3.2 Stealth
 + Level 3.2 Shields
 + Level 3.3 Invocations


You had 9 spell levels left.
You didn't know any spells.
Your spell library contained the following spells:

 Spells                   Type           Power        Failure   Level  Hunger
 Beastly Appendage        Tmut           #.....       43%         1    ##.....
 Sticks to Snakes         Tmut           #.......     56%         2    ###....
 Spider Form              Tmut/Pois      #.........   80%         3    ####...
 Ice Form                 Ice/Tmut       #.......     99%         4    #####..
 Blade Hands              Tmut           #.........   100%        5    ######.


Dungeon Overview and Level Annotations

Branches:
Dungeon (7/15)             Temple (1/1) D:6

Altars:
Ashenzari
Cheibriados
Dithmenos
Elyvilon
Fedhas
Gozag
Hepliaklqana
Kikubaaqudgha
Makhleb
Nemelex Xobeh
Okawaru
Qazlal
Ru
Sif Muna
Trog
Uskayaw
Vehumet
Wu Jian
Xom
Yredelemnul
Zin
The Shining One

Shops:
D:6 (


Innate Abilities, Weirdness & Mutations

You are small and have problems with some larger weapons.
You are somewhat resistant to further mutation.


Message History

The hornet barely misses you.
You can move again.
You feel sick.
Your wyvern barely misses the hornet.
Something barely misses your wyvern. You block the hornet's attack.
You feel yourself speed up.
You feel sick. You block the hornet's attack.
You are feeling hungry.
You feel sick.
Your wyvern closely misses the hornet.
The hornet completely misses you.
Throwing (i - inventory. (/) - cycle)
y - 2 curare-tipped darts (quivered)
Press: ? - help, Shift-Dir - straight line, f/p - hornet
Aim: a hornet (severely wounded) Really fire in your wyvern's direction?
Okay, then.
A hornet is nearby!
Your wyvern bites the hornet but does no damage.
All of the chunks of flesh in your inventory have rotted away.
You feel sick. The hornet stings you!
You die...
Your body disappears without a glow.

###...#.#...#.#...##.#
# #.#...#####...#.##.#
###..##+.....'##..##.#
.....# #.###.#.#.###.#
##...###..#..###..##.#
##..#...#.#.#...#.##.#
###...#...#...#...##.#
# ######.....>..####.#
# ##.#####.@....# #
#.#####y######
.....##l# ##.##.##.#
#.##.##.# #.......#
####†#### #.........#
#.#.....l.#


You could see a hornet and a friendly wyvern.

Vanquished Creatures
  Harold (D:7)
  Grinder (D:6)
  A hippogriff (D:5)
  A water moccasin (D:5)
  An orc warrior (D:7)
  An ice beast (D:7)
  A sky beast (D:5)
  Purgy (D:3)
  A phantom (D:5)
  An ogre (D:7)
  2 bullfrogs
  A scorpion (D:7)
  3 crimson imps (D:5)
  6 hounds
  A bullfrog skeleton (D:4)
  A jelly (D:7)
  A bullfrog zombie (D:5)
  2 orc priests
  2 worker ants
  Natasha (thrice) (D:2)
  An orc wizard (D:6)
  A hound skeleton (D:6)
  Robin (D:3)
  4 gnolls
  10 adders
  A shadow imp (D:5)
  An ooze (D:1)
  A dart slug (D:1)
  A worm (D:3)
  3 leopard geckos
  16 orcs
  2 giant cockroaches (D:1)
  18 goblins
  9 hobgoblins
  14 jackals
  5 kobolds
  2 quokkas (D:5)
  A ball python (D:5)
  6 bats
  5 frilled lizards
  A jackal skeleton (D:4)
  8 rats
143 creatures vanquished.

Vanquished Creatures (collateral kills)
  A wyvern zombie (D:6)
  A scorpion (D:6)
  An orc priest (D:6)
  An iguana (D:6)
  A worker ant (D:6)
  2 gnolls (D:6)
  2 orcs (D:6)
  5 jackals
14 creatures vanquished.

Vanquished Creatures (others)
  An orc wizard (D:6)
1 creature vanquished.

Grand Total: 158 creatures vanquished

Notes
Turn   | Place    | Note
-------+----------+-------------------------------------------
     0 | D:1      | Kohma the Halfling Hunter began the quest for the Orb.
     0 | D:1      | Reached XP level 1. HP: 14/14 MP: 1/1
    37 | D:1      | Reached skill level 6 in Slings
    53 | D:1      | Reached XP level 2. HP: 19/19 MP: 2/2
   665 | D:1      | Reached skill level 7 in Slings
   665 | D:1      | Reached XP level 3. HP: 23/24 MP: 3/3
  1200 | D:2      | Noticed Natasha
  1212 | D:2      | Killed Natasha
  1212 | D:2      | Reached XP level 4. HP: 21/29 MP: 4/4
  1364 | D:2      | Noticed Natasha
  1373 | D:2      | Killed Natasha
  1373 | D:2      | Reached skill level 8 in Slings
  1587 | D:2      | Reached XP level 5. HP: 28/34 MP: 5/5
  2104 | D:2      | Noticed Natasha
  2114 | D:2      | Killed Natasha
  2114 | D:2      | Reached skill level 9 in Slings
  2403 | D:3      | Noticed Purgy
  2416 | D:3      | Killed Purgy
  2416 | D:3      | Reached skill level 10 in Slings
  2416 | D:3      | Reached XP level 6. HP: 12/39 MP: 6/6
  2713 | D:3      | Noticed Robin
  2724 | D:3      | Killed Robin
  2890 | D:3      | Reached skill level 11 in Slings
  2890 | D:3      | Reached XP level 7. HP: 31/44 MP: 7/7
  2937 | D:3      | You fall into a shaft and drop 2 floors!
  2937 | D:5      | Entered Level 5 of the Dungeon
  2959 | D:4      | Found a glowing golden altar of the Shining One.
  3967 | D:5      | Reached skill level 12 in Slings
  4049 | D:5      | Got a bloodstained falchion
  4051 | D:5      | Reached skill level 1 in Armour
  4110 | D:5      | Noticed a water moccasin
  4124 | D:5      | Killed a water moccasin
  4124 | D:5      | Reached XP level 8. HP: 11/49 MP: 8/8
  4299 | D:5      | Identified the +6 falchion of Fragile Peace {protect, *Slow
                  | rN+ Int+4 SInv} (You found it on level 5 of the Dungeon)
  4419 | D:5      | Found a sparkling altar of Nemelex Xobeh.
  4437 | D:5      | Became a worshipper of Nemelex Xobeh the Trickster
  4463 | D:5      | Received a gift from Nemelex Xobeh
  4642 | D:5      | Noticed a hippogriff
  4656 | D:5      | Killed a hippogriff
  4656 | D:5      | Reached skill level 1 in Long Blades
  4879 | D:6      | Reached skill level 5 in Dodging
  4945 | D:6      | Reached XP level 9. HP: 54/54 MP: 9/9
  5069 | D:6      | Found Paxiv's Weapon Boutique.
  5121 | D:6      | Noticed Grinder
  5133 | D:6      | Paralysed by Grinder for 7 turns
  5144 | D:6      | Paralysed by Grinder for 7 turns
  5159 | D:6      | Killed Grinder
  5159 | D:6      | Reached skill level 1 in Shields
  5159 | D:6      | Reached skill level 1 in Invocations
  5189 | D:6      | Reached skill level 5 in Armour
  5233 | D:6      | Reached * piety under Nemelex Xobeh
  5352 | D:6      | Found a staircase to the Ecumenical Temple.
  5391 | Temple   | Entered the Ecumenical Temple
  5969 | D:7      | Noticed Harold
  5989 | D:7      | Killed Harold
  5989 | D:7      | Reached XP level 10. HP: 30/60 MP: 10/12
  6386 | D:7      | Received a gift from Nemelex Xobeh
  6418 | D:7      | Paralysed by a hornet for 2 turns
  6427 | D:7      | Paralysed by a hornet for 2 turns
  6433 | D:7      | Slain by a hornet

Levels and vault maps discovered:
D:1:      kennysheep_arrival_seaside, layout_basic
D:2:      layout_basic, first_ration, uniq_natasha
D:3:      layout_basic, uniq_robin, uniq_purgy
D:4:      layout_rooms, old_standard_altar
D:5:      layout_gridville, basic_altar
D:6:      layout_gridville, minmay_temple_entry_enclosed_plants, serial_shops,
          shop, uniq_grinder
D:7:      layout_loops_corners, basic_altar, grunt_ogre_cave,
          minmay_fractal_squares_diagonal_5, uniq_harold
Temple:   kilobyte_greek_temple

Skill      XL: |  1  2  3  4  5  6  7  8  9 |
---------------+----------------------------+-----
Slings         | 6 7 8 10 11 12 | 12.0
Armour         | 2 4 6 |  6.7
Dodging        | 3 5 7 |  7.3
Stealth        | 2 3 |  3.2
Long Blades    | 1 2 |  2.2
Shields        | 3 |  3.2
Invocations    | 3 |  3.3
Fighting       | |  1.7

Action                   |  1- 3 |  4- 6 |  7- 9 | 10-12 || total
-------------------------+-------+-------+-------+-------++-------
Melee: Short sword       |    34 |   109 |       |       ||   143
       Dagger            |       |       |    69 |       ||    69
       Falchion          |       |       |   159 |    12 ||   171
 Fire: Hunting sling     |    32 |   156 |   104 |       ||   292
Throw: Dart              |       |     4 |     5 |       ||     9
       Boomerang         |       |     1 |       |       ||     1
 Abil: Draw Summoning    |       |       |     2 |     1 ||     3
  Use: Scroll            |       |     4 |     8 |       ||    12
       Potion            |       |     1 |     1 |       ||     2
 Stab: Sleeping          |     1 |       |     6 |     1 ||     8
       Distracted        |       |     1 |       |       ||     1
  Eat: Chunk             |       |     6 |    10 |     1 ||    17
Armor: Leather armour    |     7 |    24 |       |       ||    31
       Troll leather arm |       |    15 |    61 |       ||    76
Dodge: Dodged            |    30 |    98 |   198 |    18 ||   344
Block: Buckler           |       |       |    25 |     9 ||    34
       Rpst.: Falchion   |       |       |    31 |     2 ||    33

Table legend:
 A = Non-vault XP
 B = Vault XP
 C = Vault XP percentage of total XP
 D = Non-vault monster count
 E = Vault monster count
 F = Vault count percentage of total count
                 A         B        C        D         E       F
            +---------+---------+-------+---------+---------+-------
      Total |    2289 |    1869 |  44.9 |     140 |      18 |  11.4
            +---------+---------+-------+---------+---------+-------
        D:1 |      36 |       0 |   0.0 |      15 |       0 |   0.0
        D:2 |     157 |      35 |  18.2 |      31 |       1 |   3.1
        D:3 |     182 |     156 |  46.2 |      36 |       9 |  20.0
        D:4 |     198 |       0 |   0.0 |      12 |       0 |   0.0
        D:5 |    1004 |       0 |   0.0 |      17 |       0 |   0.0
        D:6 |     395 |     277 |  41.2 |      22 |       1 |   4.3
        D:7 |     317 |    1401 |  81.5 |       7 |       7 |  50.0
            +---------+---------+-------+---------+---------+-------
